 Dungeon Crawl Stone Soup version 0.28.0-43-g3370ac3207 (webtiles) character file.

Game seed: 414039144945488614

53 issech the Cudgeller (level 3, -2/36 HPs)
             Began as a Troll Monk on Mar 29, 2022.
             Killed by nerve-wracking pain
             ... invoked by Grinder
              (8 damage)
             ... while paralysed by Grinder
             ... on level 3 of the Dungeon.
             The game lasted 00:07:46 (1687 turns).

issech the Cudgeller (Troll Monk)                   Turns: 1687, Time: 00:07:47

Health: -2/36      AC:  4    Str: 19    XL:     3   Next: 64%
Magic:  2/2        EV:  1    Int:  6    God:
Gold:   40         SH:  0    Dex: 14    Spells: 2/2 levels left

rFire   . . .      SeeInvis +   a - +0 mace
rCold   . . .      Faith    .   (no shield)
rNeg    . . .      Spirit   .   b - +0 robe
rPois   .          Reflect  .   (helmet restricted)
rElec   .          Harm     .   (no cloak)
rCorr   .          Rampage  .   (gloves unavailable)
Will    .....                   (boots unavailable)
Stlth   ++........              (no amulet)
HPRegen 0.92/turn               l - ring of flight
MPRegen 0.08/turn               u - ring of see invisible

@: paralysed, flying
A: large, unfitting armour, claws 3, regeneration 1, shaggy fur 1, tough skin 1
a: no special abilities


You were on level 3 of the Dungeon.
You visited 1 branch of the dungeon, and saw 3 of its levels.

You collected 40 gold pieces.

Inventory:

Hand Weapons
 a - a +0 mace (weapon)
 j - a +0 hand axe of draining
Missiles
 n - 50 bolts
 o - 45 stones (quivered)
 r - 23 sling bullets
 t - 2 poisoned darts
Armour
 b - a +0 robe (worn)
Jewellery
 h - a ring of magical power
 l - a ring of flight (left claw)
 u - a ring of see invisible (right claw)
Scrolls
 c - 2 scrolls of magic mapping {unknown}
 e - 2 scrolls of blinking {unknown}
 g - a scroll of immolation {unknown}
 i - a scroll of amnesia {unknown}
 q - a scroll of vulnerability {unknown}
Potions
 d - a potion of brilliance {unknown}
 f - 5 potions of curing {unknown}
 k - a potion of resistance {unknown}
 m - a potion of ambrosia {unknown}
 p - a potion of magic {unknown}
 s - a potion of haste {unknown}


   Skills:
 + Level 2.8 Fighting
 + Level 3.4 Maces & Flails
 + Level 2.9 Dodging
 + Level 1.1 Stealth


You had 2 spell levels left.
You didn't know any spells.
Your spell library was empty.

Dungeon Overview and Level Annotations

Branches:
Dungeon (3/15)

Altars:

Annotations:
D:3 Grinder


Innate Abilities, Weirdness & Mutations

You are too large for most types of armour.
You have claws for hands.
Your natural rate of healing is unusually fast.
You are covered in fur. (AC +1)
You have tough skin. (AC +1)


Message History

Grinder hits you.
You writhe in agony.
You hit Grinder but do no damage.
Grinder is heavily wounded.
Grinder hits you but does no damage.
You barely miss Grinder.
Grinder is heavily wounded.
Grinder gestures at you. You resist with significant effort.
You closely miss Grinder.
Grinder is heavily wounded.
Grinder hits you.
You writhe in agony.
You hit Grinder but do no damage.
Grinder is heavily wounded.
Grinder blinks!
Grinder gestures at you. Pain shoots through your body!
Grinder blinks!
Found a stone staircase leading up.
Found 22 stones.
There is a stone staircase leading up here.
You fly upwards.
There is a stone staircase leading down here.
You start resting.
HP restored.
You fly downwards.
Level annotation: Grinder
There is a stone staircase leading up here.
You hit Grinder but do no damage.
Grinder is heavily wounded.
Grinder gestures at you.
You suddenly lose the ability to move!
Grinder gestures at you. Pain shoots through your body!
Grinder gestures at you. Pain shoots through your body! Grinder hits you.
You writhe in agony.
* * * LOW HITPOINT WARNING * * *
Grinder gestures at you. Pain shoots through your body!
You die...

.....## .(....#
#.#.#.#
#.....###
#.......+ #
#.....#
#.##<#.#.#
#........#
####@##### #5#
#+# #.# #.# #.#
#####.#### #.#
#.5....... #.#
#.##...### #.#
#.#.....# #.#
#.##...##
#.#######.###.##


You could see Grinder.

Vanquished Creatures
  2 adders (D:2)
  A worm (D:2)
  A bat (D:2)
  5 endoplasms
  5 giant cockroaches
  A goblin (D:1)
  2 hobgoblins (D:2)
  5 ball pythons
  3 frilled lizards
  3 kobolds
  2 rats (D:1)
30 creatures vanquished.

Vanquished Creatures (others)
  A demonic plant (D:1)
  A fungus (D:1)
  2 plants (D:1)
4 creatures vanquished.

Grand Total: 34 creatures vanquished

Notes
Turn   | Place    | Note
-------+----------+-------------------------------------------
     0 | D:1      | issech the Troll Monk began the quest for the Orb.
     0 | D:1      | Reached XP level 1. HP: 22/22 MP: 0/0
   142 | D:1      | Reached XP level 2. HP: 29/29 MP: 1/1
   156 | D:1      | Found a faded altar of an unknown god.
   692 | D:2      | Reached skill level 3 in Maces & Flails
   989 | D:2      | Reached XP level 3. HP: 35/36 MP: 2/2
  1575 | D:3      | Noticed Grinder
  1576 | D:3      | Paralysed by Grinder for 4 turns
  1631 | D:3      | Paralysed by Grinder for 6 turns
  1639 | D:3      | Paralysed by Grinder for 6 turns
  1683 | D:3      | Paralysed by Grinder for 6 turns
  1687 | D:3      | Killed from afar by Grinder

Illustrated notes

Levels and vault maps discovered:
D:1:      tarquinn_simple_flora_water_c, layout_rooms,
          shapermc_ecumenical_altar_gd, minmay_statues_item
D:2:      layout_basic, st_stairs_14, nrook_loot_triangle
D:3:      layout_loops_corners, minmay_misc_feat_cross, uniq_grinder,
          uniq_crazy_yiuf_cottage, uniq_natasha, uniq_sigmund

Skill      XL: |  1  2 |
---------------+-------+-----
Maces & Flails | 3 |  3.4
Fighting       | |  2.8
Dodging        | |  2.9
Stealth        | |  1.1

Action                   || total
-------------------------++-------
Melee: Mace              ||   111
       Punch             ||     1
 Stab: Sleeping          ||     2
Armor: Robe              ||    68
Dodge: Dodged            ||    96
